 Dungeon Crawl Stone Soup version 0.28-a0-474-g535839065c (webtiles) character file.

Game seed: 4892585361996442483

105 codsworth321 the Shield-Bearer (level 4, -4/40 HPs)
             Began as a Minotaur Fighter on Sept 15, 2021.
             Slain by a scorpion (8 damage)
             ... on level 4 of the Dungeon.
             The game lasted 00:19:19 (2970 turns).

codsworth321 the Shield-Bearer (Minotaur Fighter)   Turns: 2970, Time: 00:19:20

Health: -4/40      AC:  7    Str: 22    XL:     4   Next: 54%
Magic:  3/3        EV: 10    Int:  5    God:
Gold:   88         SH:  4    Dex:  9    Spells: 3/3 levels left

rFire   . . .      SeeInvis .   a - +1 war axe
rCold   . . .      Faith    .   c - +0 buckler
rNeg    . . .      Spirit   .   b - +0 scale mail
rPois   .          Reflect  .   (helmet restricted)
rElec   .          Harm     .   (no cloak)
rCorr   .          Rampage  .   (no gloves)
Will    .....                   (no boots)
Stlth   ..........              (no amulet)
HPRegen 0.13/turn               (no ring)
MPRegen 0.08/turn               (no ring)

@: mighty, lethally poisoned (-4 -> -18), hasted, very quick
A: horns 2, retaliatory headbutt
a: no special abilities


You were on level 4 of the Dungeon.
You visited 1 branch of the dungeon, and saw 4 of its levels.

You collected 88 gold pieces.

Inventory:

Hand Weapons
 a - a +1 war axe (weapon)
Armour
 b - a +0 scale mail (worn)
 c - a +0 buckler (worn)
Scrolls
 e - a scroll of blinking
 f - a scroll of identify
 g - a scroll of teleportation {unknown}
 h - a scroll of brand weapon {unknown}
 i - 2 scrolls of enchant weapon
 k - a scroll of amnesia {unknown}
Potions
 j - a potion of haste
 l - a potion of flight {unknown}


   Skills:
 + Level 4.2 Fighting
 + Level 3.7 Axes
 + Level 4.4 Armour
 + Level 0.4 Dodging
 + Level 4.5 Shields


You had 3 spell levels left.
You didn't know any spells.
Your spell library contained the following spells:

 Spells                   Type           Power      Damage    Failure   Level
 Corpse Rot               Necr/Air       N/A        N/A       90%         2
 Poisonous Vapours        Pois/Air       0%         N/A       90%         2


Dungeon Overview and Level Annotations

Branches:
Dungeon (4/15)
 Temple: D:4-7

Altars:
Fedhas
Nemelex Xobeh

Shops:
D:2 =


Innate Abilities, Weirdness & Mutations

You have a pair of horns on your head.
You reflexively headbutt those who attack you in melee.


Message History

There is an open door here.
You barely miss the scorpion. Your headbutt misses the scorpion.
The scorpion stings you.
You are poisoned.
The scorpion poisons you! The scorpion barely misses you.
You closely miss the scorpion.
You feel very sick.
The scorpion stings you but does no damage.
You hit the scorpion but do no damage.
You feel sick. The scorpion stings you.
You are more poisoned.
The scorpion poisons you! The scorpion stings you.
You slash the scorpion! Your headbutt misses the scorpion.
The scorpion is heavily wounded.
You feel very sick.
The scorpion stings you but does no damage.
The scorpion stings you.
You are too injured to fight recklessly!
You feel very mighty all of a sudden.
You feel sick.
The scorpion stings you but does no damage.
You are too injured to fight recklessly!
You are too injured to fight recklessly!
You are too injured to fight recklessly!
You are too injured to fight recklessly!
Okay, then.
Okay, then.
As you read the scroll labelled METAKI JAIBAOBU, it crumbles to dust.
It is a scroll of identify.
e - a scroll of blinking You feel sick.
The scorpion stings you.
* * * LOW HITPOINT WARNING * * *
You are lethally poisoned!
The scorpion poisons you!
You are too injured to fight recklessly!
Unknown command.
It was a potion of haste.
You feel yourself speed up.
* * * LOW HITPOINT WARNING * * *
You feel very sick. The scorpion stings you!
You die...

###...##..###...##
+.....##..###...##
#..).............#
##...............#
####...<##..###..###
........##..####'##
..##....##..>.....#......#
######+###........#......#
.. ...........@.#......#
.. ...........s.#..s...#
.. ...>.........#...... ..
.######.###'## ...#
#######.####'####...
....................
....................
####################


You could see a scorpion.

Vanquished Creatures
  4 adders
  A worm (D:3)
  2 dart slugs (D:2)
  3 orcs (D:3)
  4 endoplasms
  5 giant cockroaches
  7 goblins
  6 hobgoblins
  4 kobolds
  4 quokkas
  5 ball pythons
  5 bats
  4 frilled lizards
  2 rats
  2 bushes (D:1)
58 creatures vanquished.

Vanquished Creatures (others)
  5 plants (D:1)
5 creatures vanquished.

Grand Total: 63 creatures vanquished

Notes
Turn   | Place    | Note
-------+----------+-------------------------------------------
     0 | D:1      | codsworth321 the Minotaur Fighter began the quest for the
                  | Orb.
     0 | D:1      | Reached XP level 1. HP: 19/19 MP: 0/0
   387 | D:1      | Reached XP level 2. HP: 27/27 MP: 1/1
   497 | D:1      | Found a faded altar of an unknown god.
  1540 | D:2      | Reached XP level 3. HP: 33/33 MP: 2/2
  1732 | D:2      | Found Tibbextu's Jewellery Emporium.
  2091 | D:3      | Reached XP level 4. HP: 39/40 MP: 3/3
  2296 | D:3      | Found a blossoming altar of Fedhas.
  2360 | D:3      | Found a sparkling altar of Nemelex Xobeh.
  2953 | D:4      | Noticed a scorpion
  2970 | D:4      | Slain by a scorpion

Illustrated notes

Levels and vault maps discovered:
D:1:      minmay_arrival_radiant_lines, layout_basic,
          ebering_ecumenical_altar_sacrificial, serial_forest,
          infiniplex_forest_split, infiniplex_forest_straight_2,
          infiniplex_forest_end_3, infiniplex_forest_3_way,
          infiniplex_forest_diagonal, infiniplex_forest_straight_3,
          infiniplex_forest_end_1, infiniplex_forest_corner_2,
          infiniplex_forest_clump_curved, hangedman_feature_mirror
D:2:      layout_basic, serial_shops, shop
D:3:      layout_loops_corners, mainiacjoe_overflow_alcove_1,
          mainiacjoe_overflow_cross_hatched
D:4:      layout_gridville, minmay_temple_entry_metal_lava, uniq_sigmund,
          uniq_natasha, uniq_edmund

Skill      XL: |  1  2  3 |
---------------+----------+-----
Fighting       | 4 |  4.2
Armour         | 4 |  4.4
Shields        | 4 |  4.5
Axes           | 3 |  3.7
Dodging        | |  0.4

Action                   |  1- 3 |  4- 6 || total
-------------------------+-------+-------++-------
Melee: War axe           |   182 |    45 ||   227
       Headbutt          |    62 |     5 ||    67
  Use: Scroll            |     1 |     1 ||     2
       Potion            |       |     2 ||     2
Armor: Scale mail        |    37 |    16 ||    53
Dodge: Dodged            |    44 |    15 ||    59
Block: Buckler           |    15 |     6 ||    21

Table legend: (Time is in decaauts)
 A = Elapsed time spent in this place.
 B = Non-inter-level travel time spent in this place.
 C = Inter-level travel time spent in this place.
 D = Time resting spent in this place.
 E = Time spent auto-exploring this place.
 F = Levels seen in this place.
 G = Mean time per level.
                   A        B        C        D        E       F      G
               +--------+--------+--------+--------+--------+-----+--------+
         Total |   3054 |   3021 |     33 |    170 |   2119 |   4 |  763.5 |
       Dungeon |   3054 |   3021 |     33 |    170 |   2119 |   4 |  763.5 |
               +--------+--------+--------+--------+--------+-----+--------+

Top non-repeatable levels by time:
     D:1: 1519 daAuts
     D:3: 832 daAuts
     D:2: 588 daAuts
     D:4: 114 daAuts
